 Dungeon Crawl Stone Soup version 0.30.0-30-g96aa6591b8 (webtiles) character file.

Game seed: 855624350757855043

106 rj54x the Covered (level 4, 0/40 HPs)
             Began as a Minotaur Fighter on June 30, 2023.
             Killed by divine providence
             ... invoked by an orc priest
              (10 damage)
             ... on level 4 of the Dungeon.
             The game lasted 00:06:10 (1029 turns).

rj54x the Covered (Minotaur Fighter)                Turns: 1029, Time: 00:06:10

Health: 0/40       AC:  9    Str: 23    XL:     4   Next: 55%
Magic:  3/3        EV:  8    Int:  5    God:
Gold:   96         SH:  4    Dex:  9    Spells: 3/3 levels left

rFire   . . .        a - +0 flail
rCold   . . .        c - +0 buckler
rNeg    . . .        i - +0 chain mail
rPois   .            (helmet restricted)
rElec   .            (no cloak)
rCorr   .            (no gloves)
SInv    .            (no boots)
Will    .....        (no amulet) Stlth
                     (no ring)
HPRegen 0.26/turn    (no ring)
MPRegen 0.08/turn

%: no passive effects
@: no status effects
A: horns 2, retaliatory headbutt
a: no special abilities


You were on level 4 of the Dungeon.
You visited 1 branch of the dungeon, and saw 4 of its levels.

You collected 96 gold pieces.

Inventory:

Hand Weapons
 a - a +0 flail (weapon)
Missiles
 g - 18 stones (quivered)
 m - 2 throwing nets
Armour
 b - a +0 scale mail
 c - a +0 buckler (worn)
 e - a +0 ring mail
 i - a +0 chain mail (worn)
Jewellery
 j - an amulet of reflection
Scrolls
 f - a scroll of blinking {unknown}
 k - a scroll of magic mapping {unknown}
 l - a scroll of noise {unknown}
Potions
 d - a potion of might
 h - a potion of degeneration {unknown}


   Skills:
 + Level 4.2 Fighting
 + Level 3.5 Maces & Flails
 + Level 4.6 Armour
 + Level 1.1 Dodging
 + Level 4.3 Shields


You had 3 spell levels left.
You didn't know any spells.
Your spell library contained the following spells:

 Spells                   Type           Power      Damage    Failure   Level
 Slow                     Hex            0%         N/A       98%         1
 Lesser Beckoning         Tloc           0%         N/A       99%         2
 Confusing Touch          Hex            0%         N/A       100%        3
 Gell's Gravitas          Tloc           0%         N/A       100%        3
 Teleport Other           Tloc           0%         N/A       100%        3
 Vampiric Draining        Necr           0%         2d6       100%        3


Dungeon Overview and Level Annotations

Branches:
Dungeon (4/15)
 Temple: D:4-7

Altars:


Innate Abilities, Weirdness & Mutations

You have a pair of horns on your head.
You reflexively headbutt those who attack you in melee.


Message History

The goblin closely misses you.
The orc priest looks encouraged for a moment.
The goblin attacks as you move away! You block the goblin's attack.
Found a book of Displacement. 2 jackals come into view.
The jackal barks!
The orc wizard mumbles some strange words.
The orc wizard flickers and vanishes!
Deactivating autopickup; reactivate with Ctrl-A.
The orc attacks as you move away! You block the orc's attack.
Found a dagger.
The orc priest mumbles some strange prayers to Beogh against you.
Beogh smites you!
The jackal bites you but does no damage.
The jackal bites you.
The jackal bites you but does no damage.
The jackal bites you but does no damage.
The jackal bites you but does no damage.
The jackal bites you.
* * * LOW HITPOINT WARNING * * *
The goblin attacks as you move away! The goblin hits you but does no damage.
The jackal bites you but does no damage.
The jackal barely misses you. The jackal attacks as you move away!
The jackal bites you but does no damage.
You block the jackal's attack. The goblin attacks as you move away!
The goblin closely misses you. You furiously retaliate!
You headbutt the goblin.
The jackal bites you but does no damage.
The orc hits you with a +0 club.
* * * LOW HITPOINT WARNING * * *
The jackal attacks as you move away! The jackal closely misses you.
The jackal attacks as you move away!
The jackal bites you but does no damage.
The jackal attacks as you move away! The jackal barely misses you.
The jackal bites you but does no damage. x2
The orc attacks as you move away! The orc barely misses you.
The jackal attacks as you move away! The jackal barely misses you.
The orc priest calls down the wrath of Beogh upon you.
Beogh smites you!
You die...

.# .# # ######### .#
.# #..h....##.##.#
#.@hg.o.......##
........o............
..........{........##
...........o.......##
###..................
..........##........
...........##.....$..
...........##........
...###....#....:


You could see an orc priest, 2 orcs, 2 jackals and a goblin.

Vanquished Creatures
  A scorpion (D:3)
  An adder (D:2)
  A dart slug (D:2)
  An orc (D:3)
  4 endoplasms
  A goblin (D:2)
  3 hobgoblins
  9 jackals
  2 quokkas (D:2)
  2 ball pythons
  3 bats
  3 kobolds
  4 rats
35 creatures vanquished.

Notes
Turn   | Place    | Note
-------+----------+-------------------------------------------
     0 | D:1      | rj54x the Minotaur Fighter began the quest for the Orb.
     0 | D:1      | Reached XP level 1. HP: 19/19 MP: 0/0
    61 | D:1      | Reached XP level 2. HP: 27/27 MP: 1/1
   312 | D:2      | Reached XP level 3. HP: 29/33 MP: 2/2
   882 | D:3      | Noticed a scorpion
   904 | D:3      | Killed a scorpion
   905 | D:3      | Reached skill level 1 in Dodging
   905 | D:3      | Reached XP level 4. HP: 38/40 MP: 3/3
  1029 | D:4      | Killed from afar by an orc priest

Illustrated notes

Levels and vault maps discovered:
D:1:      spicycebolla_green_bress_n_ham_2, layout_loops_ring,
          dreamdust_ecumenical_altar_angels_and_demons
D:2:      cheibrodos_helix_gallery, layout_basic, hex_tiny, uniq_jessica
D:3:      layout_basic, uniq_crazy_yiuf_cottage, uniq_natasha
D:4:      layout_basic, grunt_temple_overflow_open, grunt_ministairs_1

Skill      XL: |  1  2  3 |
---------------+----------+-----
Shields        | 4 |  4.3
Fighting       | 4 |  4.2
Maces & Flails | 3 |  3.5
Armour         | 4 |  4.6
Dodging        | 1 |  1.1

Action                     |  1- 3 |  4- 6 || total
---------------------------+-------+-------++-------
  Melee: Flail             |    62 |       ||    62
         Headbutt          |     8 |       ||     8
 Armour: Scale mail        |    39 |       ||    39
         Chain mail        |    13 |    17 ||    30
  Dodge: Dodged            |    51 |    13 ||    64
  Block: Buckler           |    28 |     4 ||    32
